Map: Year Zero LE

Players

SortOf

  • Race: Zerg Zerg
  • Spawn Location: 1:00

Zanster - Winner!

  • Race: Zerg Zerg
  • Spawn Location: 11:00

Event: 2019 WCS Winter Europe

VOD

Have the link to the VOD?

Description

Time

  • Played on: Feb. 10, 2019, 10:05 a.m.
  • Length: 11:14

All games in this series

Show
View Real Time Build Order
Export as new Build Order

SortOf Zerg 

Build Orders: Hatch First 

Get SALT Encoding   

  12  0:01  Drone  
  13  0:13  Overlord  
  13  0:18  Drone  
  14  0:32  Drone x2  
  16  0:49  Hatchery  
  15  0:53  Drone  
  15  0:57  Drone  
  17  1:00  Drone  
  18  1:12  Extractor  
  18  1:15  Spawning Pool  
  16  1:18  Drone  
  16  1:23  Drone  
  18  1:29  Drone  
  19  1:41  Drone  
  20  1:58  Overlord  
  20  2:02  Queen x2, Drone x2  
  26  2:13  Drone x2  
  28  2:24  Drone  
  28  2:25  Drone  
  30  2:33  Overlord  
  30  2:34  Zergling x2  
  31  2:38  Extractor, Queen  
  31  2:40  Lair  
  33  2:44  Drone  
  33  2:46  Drone  
  34  2:51  Evolution Chamber  
  33  3:01  Roach Warren, Drone  
  33  3:03  Drone  
  34  3:08  Drone x2  
  36  3:14  Drone  
  36  3:15  Drone x2  
  39  3:22  Drone x3  
  42  3:28  Zerg Missile Weapons Level 1  
  42  3:32  Overlord  
  42  3:35  Drone  
  42  3:40  Glial Reconstitution  
  43  3:50  Overseer  
  43  3:52  Roach x2  
  43  3:53  Roach x2  
  43  3:54  Drone  
  52  4:10  Overlord  
  52  4:12  Extractor  
  52  4:14  Drone  
  52  4:15  Overlord  
  51  4:22  Hatchery  
  50  4:25  Drone x2  
  50  4:30  Drone x6  
  58  4:36  Roach x2  
  58  4:38  Roach  
  64  4:47  Roach x2  
  64  4:51  Extractor  
  67  5:02  Overlord  
  67  5:07  Overlord, Drone  
  67  5:08  Spire  
  67  5:09  Overlord  
  67  5:11  Drone  
  68  5:15  Overlord  
  68  5:23  Zerg Missile Weapons Level 2  
  68  5:26  Drone  
  69  5:28  Drone x2  
  69  5:29  Drone  
  69  5:30  Drone  
  73  5:38  Roach x3  
  73  5:39  Drone x3  
  73  5:41  Drone  
  83  5:47  Drone x3  
  86  6:01  Overlord  
  86  6:02  Overlord  
  86  6:03  Roach  
  88  6:05  Roach x3  
  88  6:11  Overlord  
  94  6:12  Extractor  
  94  6:13  Extractor  
  94  6:17  Roach x7  
  104  6:22  Roach x2  
  104  6:23  Roach  
  104  6:35  Roach  
  104  6:36  Roach x2  
  100  6:42  Mutalisk x3  
  100  6:43  Mutalisk x2  
  100  6:44  Overlord  
  110  6:47  Roach x2  
  110  6:52  Overlord  
  114  6:56  Roach x3  
  114  7:01  Queen  
  122  7:04  Roach  
  122  7:08  Roach x3  
  130  7:13  Ravager  
  130  7:14  Roach x2  
  135  7:24  Ravager  
  135  7:26  Roach x4  
  135  7:29  Ravager  
  145  7:36  Roach  
  145  7:42  Roach x3  
  143  7:49  Roach  
  143  7:50  Roach x2  
  129  8:02  Roach x8  
  133  8:07  Roach x2  
  135  8:13  Roach  
  135  8:16  Roach x2  
  126  8:23  Roach  
  126  8:26  Roach x2  
  118  8:34  Roach  
  105  8:40  Roach x4  
  108  8:43  Roach x2  
  108  8:48  Roach x2  
  116  8:53  Roach  
  116  8:54  Roach  
  120  9:02  Roach x3  
  118  9:11  Roach  
  118  9:12  Roach x3  
  118  9:15  Roach  
  116  9:18  Roach  
  114  9:26  Roach x4  
  122  9:32  Roach x2  
  126  9:39  Overlord  
  126  9:41  Roach x2  
  130  9:50  Roach x4  
  138  9:52  Overlord  
  138  9:58  Overlord  
  138  9:59  Ravager  
  139  10:03  Roach x2  
  139  10:04  Roach  
  145  10:08  Ravager  
  145  10:13  Roach x3  
  152  10:20  Roach x2  
  152  10:21  Roach  
  158  10:27  Roach x2  
  160  10:41  Roach  
  138  10:47  Roach x2  
  124  10:51  Roach x3  
  124  10:52  Roach x4  
Show
View Real Time Build Order
Export as new Build Order

Zanster Zerg - Winner!

Build Orders: Hatch First 

Get SALT Encoding   

  12  0:01  Drone  
  13  0:13  Overlord  
  13  0:18  Drone  
  14  0:31  Drone x2  
  16  0:50  Hatchery  
  16  0:52  Drone  
  16  0:56  Drone  
  17  1:10  Spawning Pool  
  16  1:13  Drone  
  16  1:15  Extractor  
  16  1:17  Drone  
  17  1:22  Drone  
  18  1:29  Drone  
  19  1:40  Drone  
  20  1:53  Overlord  
  20  1:58  Queen  
  22  2:01  Queen  
  22  2:07  Zergling x2  
  25  2:10  Drone  
  27  2:15  Drone  
  27  2:16  Drone  
  28  2:23  Drone  
  28  2:24  Drone  
  30  2:33  Drone  
  30  2:34  Lair  
  30  2:36  Drone  
  34  2:44  Overlord  
  34  2:50  Evolution Chamber  
  34  2:51  Drone  
  34  2:56  Drone  
  34  2:57  Drone  
  34  3:10  Drone x7  
  34  3:12  Drone  
  41  3:16  Zerg Missile Weapons Level 1  
  41  3:20  Roach Warren  
  41  3:21  Extractor  
  41  3:22  Drone  
  41  3:23  Overlord  
  40  3:36  Overlord  
  40  3:37  Extractor  
  39  3:53  Drone  
  39  3:54  Drone x2  
  42  3:59  Roach  
  42  4:00  Roach x5  
  42  4:01  Roach  
  56  4:07  Overlord  
  56  4:13  Glial Reconstitution  
  56  4:21  Hatchery, Overseer, Drone  
  56  4:22  Drone  
  57  4:25  Drone x3  
  57  4:26  Drone  
  57  4:27  Drone  
  57  4:29  Drone  
  63  4:32  Overlord  
  63  4:46  Roach  
  63  4:47  Roach  
  63  4:49  Overlord  
  63  4:50  Overlord  
  67  4:56  Extractor  
  67  4:57  Roach x3  
  72  5:00  Overlord  
  72  5:03  Drone  
  72  5:04  Drone x3  
  76  5:10  Evolution Chamber  
  75  5:16  Queen  
  77  5:25  Overseer  
  77  5:26  Drone x2  
  77  5:27  Roach, Drone  
  77  5:28  Roach  
  84  5:29  Ravager  
  84  5:31  Ravager  
  84  5:32  Zerg Missile Weapons Level 2  
  88  5:35  Roach  
  88  5:36  Roach  
  88  5:40  Overlord  
  90  5:45  Roach x3  
  90  5:48  Roach  
  100  5:50  Roach  
  100  5:54  Drone x3  
  100  5:56  Drone  
  104  6:01  Zerg Ground Armor Level 1  
  104  6:04  Drone x2  
  104  6:06  Overlord  
  104  6:09  Overlord  
  106  6:12  Overlord  
  106  6:17  Nydus Network  
  103  6:20  Queen  
  105  6:30  Roach x5  
  105  6:31  Roach  
  117  6:34  Roach  
  117  6:37  Roach x2  
  119  6:41  Roach  
  119  6:42  Roach  
  119  6:46  Overseer  
  119  6:48  Roach  
  119  6:49  Overlord  
  119  6:51  Overlord  
  119  6:53  Nydus Canal  
  121  7:00  Overlord  
  121  7:03  Overlord x2  
  121  7:07  Overlord  
  121  7:16  Spore Crawler, Roach  
  121  7:17  Spore Crawler, Roach x4  
  121  7:19  Ravager x2  
  129  7:23  Overlord  
  129  7:26  Nydus Canal  
  129  7:28  Roach x2  
  133  7:34  Roach  
  133  7:35  Roach x2  
  123  7:50  Roach x6  
  127  7:53  Queen  
  111  8:02  Roach  
  111  8:03  Roach x2  
  109  8:07  Queen x2  
  109  8:08  Roach  
  115  8:16  Roach x2  
  115  8:24  Roach x3, Nydus Canal  
  106  8:28  Queen  
  85  8:36  Roach  
  85  8:37  Roach x2  
  83  8:41  Roach  
  83  8:42  Roach  
  85  8:49  Roach  
  85  8:53  Nydus Canal  
  85  8:54  Roach x3  
  93  9:02  Roach  
  93  9:04  Roach x2  
  97  9:14  Roach x2  
  93  9:18  Hydralisk Den  
  93  9:21  Roach x6  
  93  9:23  Drone  
  102  9:24  Drone  
  102  9:32  Spore Crawler, Drone  
  102  9:38  Ravager x2  
  104  9:41  Roach x5  
  114  9:50  Roach x3  
  114  9:51  Drone  
  121  10:04  Roach x6  
  133  10:08  Roach  
  133  10:09  Overlord  
  133  10:10  Drone  
  133  10:11  Drone  
  133  10:13  Drone  
  138  10:14  Drone  
  139  10:22  Overlord  
  139  10:23  Roach  
  139  10:24  Roach  
  139  10:25  Ravager  
  144  10:39  Roach x3  
  144  10:40  Roach x5  
  144  10:46  Roach  
  144  10:47  Roach x3  
  134  10:54  Roach  
Tags
 
Add a new tag
Caveats
  • Supply blocks, unpowered buildings, or Contaminate may cause inaccurate times.
  • Supply counts are checked every 10 seconds.